 Dungeon Crawl Stone Soup version 0.21.1-1-g345015f (webtiles) character file.

25 theblackcape the Scratcher (level 2, 12/12 HPs)
             Began as a Felid Transmuter on July 9, 2018.
             Got out of the dungeon alive.
             The game lasted 00:02:04 (1038 turns).

theblackcape the Scratcher (Felid Transmuter)       Turns: 1038, Time: 00:02:05

Health: 12/12      AC:  1    Str:  6    XL:     2   Next: 82%
Magic:  6/6        EV: 18    Int: 14    God:
Gold:   62         SH:  0    Dex: 16    Spells: 5/6 levels left
                                        Lives:  0   Deaths: 0

rFire    . . .     SeeInvis +     - Unarmed
rCold    . . .     Gourm    .   (shield unavailable)
rNeg     . . .     Faith    .   (armour unavailable)
rPois    .         Spirit   .   (helmet unavailable)
rElec    .         Reflect  .   (cloak unavailable)
rCorr    .         Harm     .   (gloves unavailable)
MR       .....                  (boots unavailable)
Stlth    ++........             (no amulet)
HPRegen  0.04/turn              (no ring)
MPRegen  0.10/turn              (no ring)

@: quick
A: very small, no armour, no weapons or thrown items, stealth, claws 1, fangs 3,
see invisible, carnivore, speed 1, shaggy fur 1, slow metabolism 1, sharp paws
a: no special abilities


You escaped.
You were completely stuffed.

You visited 1 branch of the dungeon, and saw 1 of its levels.

You collected 62 gold pieces.

Inventory:

Missiles
 a - 12 arrows
Scrolls
 f - a scroll of amnesia {unknown}
 g - a scroll of identify {unknown}
 h - a scroll of enchant armour {unknown}
Potions
 d - 2 potions of curing {unknown}
 e - a potion of degeneration {unknown}
Books
 b - a book of Changes

   Spells                             Type                      Level
   a - Beastly Appendage              Transmutation                1
   b - Sticks to Snakes               Transmutation                2
   c - Spider Form                    Transmutation/Poison         3
   d - Ice Form                       Ice/Transmutation            4
   e - Blade Hands                    Transmutation                5
Comestibles
 c - a ration
 i - a chunk of flesh


   Skills:
 - Level 1.0 Fighting
 - Level 2.6 Dodging
 + Level 0.4 Stealth
 - Level 3.0 Unarmed Combat
 + Level 2.7 Spellcasting
 + Level 2.9 Transmutations


You had 5 spell levels left.
You knew the following spells:

 Your Spells              Type           Power        Failure   Level  Hunger
a - Beastly Appendage     Tmut           ##....       7%          1    #......


Dungeon Overview and Level Annotations

Branches:
Dungeon (1/15)

Altars:
Ashenzari


Innate Abilities, Weirdness & Mutations

You cannot wear armour.
You are incapable of wielding weapons or throwing items.
Your paws allow you to move quietly. (Stealth)
You have sharp claws.
You have razor-sharp teeth.
You have supernaturally acute eyesight. (SInv)
You are carnivorous and can eat meat at any time.
You cover ground quickly.
You are covered in fur. (AC +1)
You have a slow metabolism.
Your sharp claws are effective at attacking unaware monsters.


Message History

There is a large open door here.
There is a large open door here.
You open the door.
There is an open door here.
You open the door. You open the door.
There is an open door here.
Done exploring.
Done exploring.
Done exploring.
There is an open door here.
Eating one of 2 chunks of flesh.
You eat one of the 2 chunks of flesh.
This raw flesh tastes great.
There is a stone staircase leading down here.
There is an open door here.
There is a staircase leading out of the dungeon here.
You can't go down here!
There are no items here.
Are you sure you want to leave the Dungeon?
This will make you lose the game!
You have escaped!

##................#.....#####
#.#.#.#.##.......#.....#
#.......#........#.....#
#.#.#.#.#...##.........######
#.......#...#####...........#
#.###.......# #..)........#
#.....####### #...........#
#####.###########....#......#
#.#..##.@.##.....#......#
#.#..##...##.############
#.#..####'#..# #####
#.#..####....## #....
#.#'##.....#..# #....
#.#....(..###.#######....
#.....#'#####............
##..###(...##..#.#.#.#...
####.'..).##............


There were no monsters in sight!

Vanquished Creatures
  An ooze (D:1)
  A dart slug (D:1)
  2 bats (D:1)
  4 goblins (D:1)
  2 hobgoblins (D:1)
  A ball python (D:1)
  A frilled lizard (D:1)
  3 kobolds (D:1)
  2 rats (D:1)
17 creatures vanquished.

Notes
Turn   | Place    | Note
-------+----------+-------------------------------------------
     0 | D:1      | theblackcape the Felid Transmuter began the quest for the Orb.
     0 | D:1      | Reached XP level 1. HP: 9/9 MP: 4/4
   319 | D:1      | Reached XP level 2. HP: 4/12 MP: 4/6
   699 | D:1      | Found a shattered altar of Ashenzari.
  1038 | D:$      | Got out of the dungeon alive.

Action                   || total
-------------------------++-------
Melee: Unarmed           ||    51
       Headbutt          ||     4
 Cast: Beastly Appendage ||     7
 Stab: Sleeping          ||     1
  Eat: Chunk             ||     8
Armor: Skin              ||     3
Dodge: Dodged            ||    34
